 Dungeon Crawl Stone Soup version 0.31-a0-358-gac0dbeb3ab (webtiles) character file.

Game seed: 260630830521891796

161 Locuples the Digger (level 5, -14/28 HPs)
             Began as a Deep Elf Earth Elementalist on July 25, 2023.
             Demolished by Edmund
             ... wielding a +2 heavy dire flail
              (21 damage)
             ... on level 4 of the Dungeon.
             The game lasted 00:09:26 (2649 turns).

Locuples the Digger (Deep Elf Earth Elementalist)   Turns: 2649, Time: 00:09:26

Health: -14/28     AC:  2    Str:  5    XL:     5   Next: 19%
Magic:  5/13       EV: 12    Int: 22    God:
Gold:   151        SH:  0    Dex: 15    Spells: 7/13 levels left

rFire   x . .        (no weapon)
rCold   . . .        (no shield)
rNeg    . . .        a - +0 robe
rPois   .            (no helmet)
rElec   .            (no cloak)
rCorr   .            (no gloves)
SInv    .            (no boots)
Will    .....        (no amulet)
Stlth   ++           q - ring of flight
HPRegen 0.24/turn    (no ring)
MPRegen 0.13/turn

%: no passive effects
@: flying
A: heat vulnerability 1
a: no special abilities


You were on level 4 of the Dungeon.
You visited 1 branch of the dungeon, and saw 4 of its levels.

You collected 151 gold pieces.

Inventory:

Missiles
 k - 2 throwing nets
Armour
 a - a +0 robe (worn)
 n - the +10 plate armour of Xumouschu {Contam rC+ Int+2}
   (You found it on level 3 of the Dungeon)

   Int:       It affects your intelligence (+2).
   rC:        It protects you from cold.
   Contam:    It causes magical contamination when unequipped.
Jewellery
 q - a ring of flight (left hand)
Scrolls
 c - 2 scrolls of enchant weapon {unknown}
 d - 2 scrolls of amnesia {unknown}
 h - 4 scrolls of identify {unknown}
 i - a scroll of fog {unknown}
 j - 2 scrolls of fear {unknown}
 l - a scroll of teleportation {unknown}
 o - a scroll of vulnerability {unknown}
 p - a scroll of enchant armour {unknown}
Potions
 b - 2 potions of magic
 e - a potion of might {unknown}
 f - a potion of haste {unknown}
 g - 3 potions of curing {unknown}
 m - a potion of degeneration {unknown}


   Skills:
 - Level 2.4 Dodging
 - Level 2.4 Stealth
 + Level 4.5 Spellcasting
 + Level 1.1 Transmutations
 * Level 5.8 Earth Magic


You had 7 spell levels left.
You knew the following spells:

 Your Spells              Type           Power      Damage    Failure   Level
a - Sandblast             Erth           60%        2d14      1%          1
b - Stone Arrow           Conj/Erth      34%        3d9       10%         3
c - Passwall              Tmut/Erth      16%        N/A       3%          2

Your spell library contained the following spells:

 Spells                   Type           Power      Damage    Failure   Level
 Poisonous Vapours        Pois/Air       10%        N/A       16%         2
 Petrify                  Tmut/Erth      20%        N/A       26%         4
 Mephitic Cloud           Conj/Pois/Air  5%         N/A       32%         3
 Freezing Cloud           Conj/Ice/Air   2%         6-21      96%         5
 Conjure Ball Lightning   Conj/Air       2%         3x3d6     100%        6
 Discord                  Hex            2%         N/A       100%        8
 Disjunction              Tloc           2%         N/A       100%        8


Dungeon Overview and Level Annotations

Branches:
Dungeon (4/15)
 Temple: D:4-7

Altars:
Cheibriados
Hepliaklqana

Shops:
D:1 (   D:2 =   D:4 (

Annotations:
D:4 Edmund


Innate Abilities, Weirdness & Mutations

You are vulnerable to heat. (rF-)


Message History

Press: ? - help, Q - select action, (/) - cycle Shift-Dir - straight line, f/p - Edmund
Aim: Edmund, wielding a +2 heavy dire flail and wearing a +0 leather armour (lightly wounded, 84% to hit)
The blast of sand hits Edmund but does no damage.
Edmund is lightly wounded.
Edmund hits you with a +2 heavy dire flail!
Aiming: Sandblast (safe; 1% risk of failure)
Press: ? - help, Q - select action, (/) - cycle Shift-Dir - straight line, f/p - Edmund
Aim: Edmund, wielding a +2 heavy dire flail and wearing a +0 leather armour (lightly wounded, 84% to hit)
The blast of sand hits Edmund!
Edmund is moderately wounded.
A ball python comes into view.
Edmund hits you with a +2 heavy dire flail!
Aiming: Sandblast (safe; 1% risk of failure)
Press: ? - help, Q - select action, (/) - cycle Shift-Dir - straight line, f/p - Edmund
Aim: Edmund, wielding a +2 heavy dire flail and wearing a +0 leather armour (moderately wounded, 84% to hit)
The blast of sand hits Edmund!
Edmund is heavily wounded.
Edmund closely misses you. Edmund attacks as you move away!
Edmund closely misses you.
Aiming: Sandblast (safe; 1% risk of failure)
Press: ? - help, Q - select action, (/) - cycle Shift-Dir - straight line, f/p - Edmund
Aim: Edmund, wielding a +2 heavy dire flail and wearing a +0 leather armour (heavily wounded, 84% to hit)
The blast of sand hits Edmund.
Edmund is heavily wounded.
Edmund hits you with a +2 heavy dire flail!
* * * LOW HITPOINT WARNING * * *
Aiming: Sandblast (safe; 1% risk of failure)
Press: ? - help, Q - select action, (/) - cycle Shift-Dir - straight line, f/p - Edmund
Aim: Edmund, wielding a +2 heavy dire flail and wearing a +0 leather armour (heavily wounded, 84% to hit)
The blast of sand hits the ball python!
You kill the ball python!
Edmund attacks as you move away! Edmund misses you.
Aiming: Sandblast (safe; 1% risk of failure)
Press: ? - help, Q - select action, (/) - cycle Shift-Dir - straight line, f/p - Edmund
Aim: Edmund, wielding a +2 heavy dire flail and wearing a +0 leather armour (heavily wounded, 84% to hit)
The blast of sand hits Edmund!
Edmund is severely wounded.
Edmund hits you with a +2 heavy dire flail!!
Ouch! That really hurt!
You die...

##......## #####
#........#### ####...#
#...........###....###
.................###
..........#....###
..........###†.##
#.........# ##..#
#.........# #.@##
...∩......# ##.@##
..........# #...#
..#......?# #...##
###.......## #....#
...##....####
............#
###......### ###...##
#..##


You could see Edmund.

Vanquished Creatures
  Jessica (D:3)
  4 adders
  3 gnolls (D:2)
  4 dart slugs
  2 orcs (D:3)
  4 endoplasms
  2 giant cockroaches
  6 hobgoblins
  3 jackals (D:3)
  2 quokkas
  10 ball pythons
  4 bats
  6 frilled lizards
  6 goblins
  3 kobolds
  4 rats
64 creatures vanquished.

Notes
Turn   | Place    | Note
-------+----------+-------------------------------------------
     0 | D:1      | Locuples the Deep Elf Earth Elementalist began the quest
                  | for the Orb.
     0 | D:1      | Reached XP level 1. HP: 10/10 MP: 6/6
   273 | D:1      | Reached XP level 2. HP: 15/15 MP: 6/8
   277 | D:1      | Reached skill level 4 in Earth Magic
   743 | D:1      | Found Anenn's Weapon Shop.
  1002 | D:1      | Reached XP level 3. HP: 19/19 MP: 6/9
  1283 | D:2      | Learned a level 3 spell: Stone Arrow
  1383 | D:2      | Reached skill level 5 in Earth Magic
  1592 | D:2      | Found Onic's Jewellery Boutique.
  1726 | D:2      | Reached XP level 4. HP: 24/24 MP: 9/11
  1744 | D:2      | Found a faded altar of an unknown god.
  2007 | D:3      | Found a snail-covered altar of Cheibriados.
  2140 | D:3      | Identified the +10 plate armour of Xumouschu {Contam rC+
                  | Int+2}
  2172 | D:3      | Gained mutation: You are vulnerable to heat. (rF-)
                  | [mutagenic glow]
  2199 | D:3      | Learned a level 2 spell: Passwall
  2254 | D:3      | Found a hazy altar of Hepliaklqana.
  2466 | D:3      | Noticed Jessica
  2469 | D:3      | Killed Jessica
  2470 | D:3      | Reached XP level 5. HP: 28/28 MP: 10/13
  2625 | D:4      | Found Usmaxei's Weapon Shop.
  2628 | D:4      | Noticed Edmund
  2649 | D:4      | Demolished by Edmund

Illustrated notes

Levels and vault maps discovered:
D:1:      dpeg_arrival_solitude, layout_basic, serial_shops,
          nicolae_shop_bloodbath_and_beyond
D:2:      layout_loops_ring, serial_shops, nicolae_shop_behind_doors,
          hellmonk_ecumenical_altar_blasted, nicolae_grassy_gnolls
D:3:      layout_rooms, overflow_temple_1_default, mainiacjoe_overflow_catwalk,
          serial_bayou_pond_a, uniq_jessica
D:4:      layout_layer_cave, mainiacjoe_overflow_paths, serial_shops, shop,
          shop, shop, nicolae_shop_just_a_little_nook,
          hangedman_abyss_or_decor_stabs, lexackson_kobold_supper, uniq_edmund

Skill      XL: |  1  2  3  4 |
---------------+-------------+-----
Earth Magic    | 4 5 |  5.8
Spellcasting   | 4 |  4.5
Dodging        | |  2.4
Stealth        | |  2.4
Transmutations | |  1.1

Action                     |  1- 3 |  4- 6 || total
---------------------------+-------+-------++-------
   Cast: Sandblast         |    53 |    39 ||    92
         Stone Arrow       |       |     1 ||     1
 Armour: Robe              |     3 |     2 ||     5
  Dodge: Dodged            |    12 |     4 ||    16

Table legend: (Time is in decaauts)
 A = Elapsed time spent in this place.
 B = Non-inter-level travel time spent in this place.
 C = Inter-level travel time spent in this place.
 D = Time resting spent in this place.
 E = Time spent auto-exploring this place.
 F = Levels seen in this place.
 G = Mean time per level.
                   A        B        C        D        E       F      G
               +--------+--------+--------+--------+--------+-----+--------+
         Total |   2693 |   2585 |    108 |    117 |   2027 |   4 |  673.2 |
       Dungeon |   2693 |   2585 |    108 |    117 |   2027 |   4 |  673.2 |
               +--------+--------+--------+--------+--------+-----+--------+

Top non-repeatable levels by time:
     D:1: 1156 daAuts
     D:2: 881 daAuts
     D:3: 584 daAuts
     D:4: 71 daAuts
